 Dungeon Crawl Stone Soup version 0.20.0-4-g10b340a (webtiles) character file.

19618284 MDvedh the Bringer of Light (level 27, 199/199 HPs)
             Began as a Gargoyle Fighter on May 26, 2017.
             Was the Champion of the Shining One.
             Escaped with the Orb
             ... and 15 runes on May 27, 2017!
             The game lasted 04:00:52 (78210 turns).

MDvedh the Bringer of Light (Gargoyle Fighter)     Turns: 78210, Time: 04:00:53

Health: 199/199    AC: 64    Str: 23      XL:     27
Magic:  39/40      EV: 29    Int: 15 (17) God:    the Shining One [******]
Gold:   8250       SH: 27    Dex: 21      Spells: 26/26 levels left

rFire    + + .     SeeInvis +   m - +9 sacred scourge (holy)
rCold    + + +     Gourm    .   F - +5 shield {rF+}
rNeg     + + +     Faith    .   b - +8 chain mail "Coses" {rPois rF+ Regen+ Dex-2}
rPois    ∞         Spirit   .   P - +2 hat of the Catfish {*Drain Regen+ rCorr Stlth+}
rElec    +         Reflect  +   y - +2 cloak "Geado" {rPois rC+}
rCorr    +         Harm     .   G - +5 pair of gloves of the Fisher {rElec rC++ Int-3 SInv}
MR       +++++                  i - +2 pair of boots {run}
Stlth    +.........             W - amulet of Darkness {Reflect rPois rC- MR+ SH+3 Stlth+}
Regen    1.3/turn               u - ring of the Garden {+Fly rPois Int+3 Dex+5 Slay+2}
MPRegen  0.3/turn               X - ring "Aweush" {rC+ rN+ Int+7}

@: glowing, quick
A: big wings, claws 1, hooves 1, blurry vision 1, deterioration 1, magic
resistance 3, negative energy resistance 1, electricity resistance, unbreathing,
petrification resistance, rot immunity, subdued magic 1, MP-powered wands,
sturdy frame 1, AC +20
0: Orb of Zot
}: 15/15 runes: serpentine, barnacled, slimy, silver, golden, iron, obsidian,
icy, bone, abyssal, demonic, glowing, magical, fiery, dark
a: Fly, Divine Shield, Cleansing Flame, Summon Divine Warrior, Renounce
Religion, Evoke Flight


You escaped.
You worshipped the Shining One.
The Shining One was exalted by your worship.
You were full.

You visited 18 branches of the dungeon, and saw 90 of its levels.
You visited Pandemonium 3 times, and saw 32 of its levels.
You visited the Abyss 3 times.
You also visited: Labyrinth and Volcano.

You collected 12500 gold pieces.
You spent 4250 gold pieces at shops.

Inventory:

Hand Weapons
 m - a +9 sacred scourge of holy wrath (weapon)
Armour
 b - the +8 chain mail "Coses" (worn) {rPois rF+ Regen+ Dex-2}
   (You found it on level 1 of the Lair of Beasts)

   It affects your dexterity (-2).
   It protects you from fire.
   It protects you from poison.
   It increases your rate of regeneration.
 i - a +2 pair of boots of running (worn)
 y - the +2 cloak "Geado" (worn) {rPois rC+}
   (You found it on level 6 of the Lair of Beasts)

   It protects you from cold.
   It protects you from poison.
 F - a +5 shield of fire resistance (worn)
 G - the +5 pair of gloves of the Fisher (worn) {rElec rC++ Int-3 SInv}
   (You bought it in a shop on level 15 of the Dungeon)

   It affects your intelligence (-3).
   It greatly protects you from cold.
   It insulates you from electricity.
   It lets you see invisible.
 P - the +2 hat of the Catfish (worn) {*Drain Regen+ rCorr Stlth+}
   (You found it on level 2 of the Vaults)

   It increases your rate of regeneration.
   It protects you from acid and corrosion.
   It causes draining when unequipped.
   It makes you more stealthy.
Jewellery
 c - an uncursed ring of stealth
 u - the ring of the Garden (left hand) {+Fly rPois Int+3 Dex+5 Slay+2}
   (You found it on level 3 of the Elven Halls)

   [ring of dexterity]

   It affects your intelligence (+3).
   It affects your dexterity (+5).
   It affects your accuracy and damage with ranged weapons and melee attacks
   (+2).
   It protects you from poison.
   It lets you fly.
 z - an uncursed ring of protection from magic
 C - an uncursed ring of fire
 O - the ring "Ynoam" {rElec rF+ MP+9 Dex+3}
   (You found it on level 3 of the Depths)

   [ring of dexterity]

   It affects your dexterity (+3).
   It protects you from fire.
   It insulates you from electricity.
   It affects your magic capacity (+9).
 W - the amulet of Darkness (around neck) {Reflect rPois rC- MR+ SH+3 Stlth+}
   (You found it in a labyrinth)

   [amulet of reflection]

   It shields you and reflects attacks.
   It makes you vulnerable to cold.
   It protects you from poison.
   It affects your resistance to hostile enchantments.
   It affects your SH (+3).
   It makes you more stealthy.
 X - the ring "Aweush" (right hand) {rC+ rN+ Int+7}
   (You found it on level 1 of the Depths)

   [ring of positive energy]

   It affects your intelligence (+7).
   It protects you from cold.
   It protects you from negative energy.
Wands
 d - a wand of digging (4/24)
 t - a wand of polymorph (11/24)
 B - a wand of digging (8/24)
 K - a wand of confusion (24/48)
 U - a wand of digging (6/24)
Scrolls
 k - 7 scrolls of amnesia
 n - 9 scrolls of fear
 p - 33 scrolls of remove curse
 q - 9 scrolls of recharging
 v - 10 scrolls of identify
 w - 17 scrolls of fog
 x - 14 scrolls of teleportation
 D - 5 scrolls of blinking
 J - 8 scrolls of enchant armour
 M - a scroll of magic mapping
 N - 2 scrolls of summoning
 Q - a scroll of brand weapon
 T - 2 scrolls of enchant weapon
 V - 2 scrolls of holy word
Potions
 e - 31 potions of curing
 f - 2 potions of brilliance
 j - 4 potions of cancellation
 l - 13 potions of heal wounds
 r - a potion of haste
 A - 6 potions of ambrosia
 E - 6 potions of agility
 H - 4 potions of berserk rage
 I - a potion of resistance
 S - 4 potions of mutation
 Y - 6 potions of magic
Miscellaneous
 h - a lamp of fire
 o - a figurine of a ziggurat
Comestibles
 a - 21 royal jellies
 g - 16 meat rations
 s - 43 fruits
 L - 5 bread rations
 R - 2 chunks of flesh


   Skills:
 O Level 27 Fighting
 O Level 27 Maces & Flails
 O Level 27 Armour
 + Level 25.5 Dodging
 + Level 26.5 Shields
 O Level 27 Invocations
 - Level 7.7 Evocations


You had 26 spell levels left.
You didn't know any spells.

Dungeon Overview and Level Annotations

Branches:
Dungeon (15/15)            Temple (1/1) D:5            Lair (6/6) D:11
 Shoals (4/4) Lair:3        Snake (4/4) Lair:2        Slime (5/5) Lair:5
    Orc (2/2) D:12            Elf (3/3) Orc:2        Vaults (5/5) D:13
  Crypt (3/3) Vaults:2       Tomb (3/3) Crypt:3      Depths (5/5) D:15
   Hell (1/1)                 Dis (7/7) Hell            Geh (7/7) Hell
    Coc (7/7) Hell            Tar (7/7) Hell            Zot (5/5) Depths:5

Altars:
Ashenzari
Cheibriados
Dithmenos
Elyvilon
Fedhas
Hepliaklqana
Kikubaaqudgha
Makhleb
Nemelex Xobeh
Okawaru
Ru
Sif Muna
Trog
Uskayaw
Vehumet
Xom
Yredelemnul
Zin
The Shining One
Beogh
Jiyva
Lugonu

Shops:
D:5 :   D:6 :?**   D:7 %   D:14 [   D:15 *   Orc:2 ***(%}(   Snake:2 =}}
Snake:3 [(!   Vaults:2 *=   Vaults:4 ([%!   Vaults:5 :   Depths:5 }*}*

Portals:
Hell: Depths:1 Depths:2 Depths:3 Depths:4 Depths:5
Abyss: Depths:4 Depths:5
Pandemonium: Depths:3 Depths:4 Depths:5
Ziggurat: Depths:3

Annotations:
Lair:2 exclusion: 3 oklob plants


Innate Abilities, Weirdness & Mutations

You are resistant to torment.
Your stone body is resilient. (AC +20)
You are immune to poison.
Your large and strong wings let you fly indefinitely.
You resist negative energy. (rN+)
You are resistant to electric shocks. (rElec)
You can survive without breathing.
You are immune to petrification.
You are immune to rotting.
You have sharp fingernails.
You have large cloven feet.
Scrolls take you a little longer to read.
Your body sometimes deteriorates upon taking damage.
You are extremely resistant to the effects of hostile enchantments. (MR+++)
Your spells are a little easier to cast, but a little less powerful.
You expend magic power (3 MP) to strengthen your wands.
Your movements are slightly less encumbered by armour. (ER -2)


Message History

Where to? (Enter - D:1, ? - help) Magic restored.
You see here a dagger.
There is a stone staircase leading up here.
You climb upwards.
There is a stone staircase leading down here.
A chaos spawn comes into view.
Evoke which item? (* to show all) (? for menu, Esc to quit)
Aiming: Dig
Press: ? - help, Shift-Dir - straight line The rock shatters into small pieces.
This wand has 8 charges left.
The chaos spawn hits you but does no damage.
You hit the chaos spawn.
The chaos spawn convulses.
The chaos spawn is lightly wounded.
You thrash the chaos spawn!!
The chaos spawn convulses!
You kill the chaos spawn!
The Shining One accepts your kill.
The chaos spawn degenerates into a cloud of primal chaos!
There is a staircase leading out of the dungeon here.
You have escaped!

# #.# #.# # #.# #.# ## # #.# #.#
#. # #.# #.# #. ###
#########.####.# #. ..#
#..............#########
#.########...##.####..........#..
#...........##.....##.#######'#+#
#######...###...@...#.# #........
..........##.#.....##.###........
###...###.#.####'####..##........
....### #..###(..(.###..#.......(
.#..#####.##(..(.[((.##.#.)...)[.
...>......+...((8((.(.'.'........
..#.#####.##...((....####........
..#.# #..###..((.######........
..#.# ##...####### #...........


There were no monsters in sight!

Vanquished Creatures
  Cerebov (Pan)
  Antaeus (Coc:7)
  Asmodeus (Geh:7)
  the Royal Jelly (Slime:5)
  Gloorx Vloq (Pan)
  Ereshkigal (Tar:7)
  the Serpent of Hell (Coc:7)
  Lom Lobon (Pan)
  Dispater (Dis:7)
  Khufu (Tomb:3)
  7 ancient liches
  6 orbs of fire
  32 greater mummies
  The ghost of theElss the Shatterer, a legendary GrBe of Trog (Zot:2)
  Boris (Tomb:3)
  2 shard shrikes
  Saint Roka (Depths:2)
  Xtahua (Depths:3)
  A caustic shrike (Depths:1)
  3 Killer Klowns
  2 curse toes
  12 golden dragons
  Geryon (Hell)
  the Enchantress (Depths:5)
  Jory (Depths:4)
  5 bone dragons
  A doom hound (Tar:2)
  5 electric golems
  11 Tzitzimimeh
  26 Brimstone Fiends
  6 pandemonium lords (Pan)
  2 iron giants (Dis:7)
  10 liches
  9 Hell Sentinels
  Jorgrun (Depths:3)
  13 Ice Fiends
  A shard shrike skeleton (Crypt:1)
  20 tentacled monstrosities
  15 titans
  21 Orb Guardians
  5 deep elf blademasters
  17 acid blobs
  4 deep elf master archers
  14 quicksilver dragons
  30 Executioners
  A quicksilver dragon (shapeshifter) (Depths:3)
  A kraken (Shoals:3)
  6 death cobs
  3 eldritch tentacles
  10 sphinxes
  15 ancient champions
  2 tentacled starspawn (Abyss:3)
  Agnes (Snake:1)
  19 shadow dragons
  Kirke (Snake:3)
  16 storm dragons
  2 tengu reavers
  9 draconian monks
  6 revenants
  10 nagarajas
  14 vault wardens
  14 frost giants
  21 fire giants
  Ilsuiw (Shoals:4)
  7 azure jellies
  Aizul (Snake:1)
  8 deep elf sorcerers
  5 iron dragons
  2 orc warlords
  3 draconian scorchers
  8 draconian knights
  33 balrugs
  7 deep elf elementalists
  29 cacodemons
  4 ghost moths
  11 warmongers
  47 reapers
  10 draconian shifters
  19 ironheart preservers
  5 draconian stormcallers
  6 spriggan defenders (Depths:5)
  2 elemental wellsprings
  9 blood saints
  3 curse skulls
  11 ghouls
  29 stone giants
  7 draconian annihilators
  22 war gargoyles
  40 very ugly things
  13 green draconians
  An entropy weaver (shapeshifter) (Depths:3)
  An apis (Pan)
  29 vampire knights
  3 entropy weavers
  The ghost of inmateoo the Grappler, a journeyman MiMo of Cheibriados (D:13)
  8 corrupters (Pan)
  12 lorocyprocas
  7 bennus
  6 black suns (Pan)
  14 red draconians
  14 black draconians
  6 deep elf demonologists
  23 purple draconians
  6 deep elf annihilators
  A spark wasp (shapeshifter) (Depths:3)
  16 ettins
  9 yellow draconians
  15 white draconians
  5 spark wasps
  Snorg (D:11)
  2 quicksilver dragon zombies (Crypt:3)
  30 blizzard demons
  A minotaur (Lab)
  6 eidola
  2 merfolk javelineers (Shoals:4)
  A minotaur (shapeshifter) (Depths:3)
  11 crystal guardians (Depths:3)
  23 mummy priests
  15 green deaths (Pan)
  14 yaktaur captains
  5 merfolk impalers (Shoals:4)
  6 fire dragons
  10 deep elf death magi
  3 deep elf high priests
  15 jiangshi
  A spectral kraken (Tar:7)
  Josephine (D:10)
  8 death oozes
  3 quicksilver dragon skeletons
  13 naga warriors
  A rakshasa (Depths:1)
  A catoblepas (shapeshifter) (Depths:3)
  An ice dragon (shapeshifter) (Depths:3)
  2 kraken zombies
  25 ice dragons
  6 great orbs of eyes
  38 vault guards
  15 monstrous demonspawn
  11 hydras
  5 catoblepae
  7 anacondas
  8 merfolk aquamancers
  8 centaur warriors
  2 death knights
  7 spriggan air magi
  49 dancing weapons
  A satyr (Shoals:4)
  41 two-headed ogres
  7 deep troll shamans
  A queen ant (shapeshifter) (Depths:3)
  6 tengu warriors
  A death yak (shapeshifter) (Depths:3)
  8 death yaks
  51 death scarabs
  13 ogre magi
  8 spriggan berserkers
  16 hell hogs
  4 shock serpents
  36 soul eaters
  7 deep troll earth magi
  4 storm dragon zombies
  19 vampire magi
  6 titan zombies
  35 deep elf knights
  8 naga sharpshooters
  2 wretched stars (Abyss:3)
  7 iron golems
  116 skeletal warriors
  2 fire crabs (shapeshifter)
  2 salamander mystics (Snake:3)
  A titan skeleton (Geh:7)
  39 hell knights
  52 sun demons
  4 storm dragon skeletons
  40 sixfirhies
  An iron troll (Depths:2)
  23 shadow wraiths
  4 sea snakes
  A cherub (Pan)
  A ghost moth zombie (Geh:6)
  11 flayed ghosts
  7 unseen horrors
  13 anaconda zombies
  16 deep trolls
  7 golden dragon zombies
  14 torturous demonspawn (Pan)
  A quicksilver dragon simulacrum (Coc:3)
  11 deep elf archers
  8 glowing orange brains
  10 infernal demonspawn (Pan)
  10 gelid demonspawn (Pan)
  5 naga ritualists
  4 obsidian statues (Depths:3)
  41 shadow demons
  4 shadow dragon zombies
  14 wizards
  5 anaconda skeletons
  A golden dragon skeleton (Tar:7)
  19 ironbrand convokers
  6 wolf spider zombies
  15 necromancers
  Pikel (D:7)
  2 harpies (shapeshifter)
  A lindwurm (shapeshifter) (Depths:3)
  22 phantasmal warriors
  20 orc knights
  73 deep elf magi
  A mana viper (shapeshifter) (Depths:3)
  6 shadow dragon skeletons
  7 frost giant zombies
  4 iron dragon zombies
  7 harpies
  13 manticores
  4 stone giant zombies
  2 orc sorcerers
  2 mana vipers
  A tengu skeleton (Vaults:5)
  6 fire giant zombies
  2 shining eyes (Slime:5)
  11 salamanders
  A moth of wrath (shapeshifter) (Vaults:5)
  3 wolf spiders
  36 ugly things
  An oklob plant (Lair:2)
  15 elephants (Lair:5)
  3 cyclopes
  22 moths of wrath
  An apocalypse crab (Abyss:3)
  11 merfolk sirens
  A stone giant skeleton (Coc:1)
  26 black mambas
  An ice statue (Coc:7)
  8 fire giant skeletons
  28 naga magi
  25 rust devils
  An elephant (shapeshifter) (Depths:3)
  6 spiny frogs
  A torpor snail (Lair:4)
  5 guardian serpents
  5 frost giant skeletons
  5 water nymphs
  20 molten gargoyles
  6 dire elephant zombies
  12 vault sentinels
  10 gargoyles
  An elephant slug zombie (Crypt:3)
  2 rime drakes
  25 smoke demons
  A shock serpent skeleton (Crypt:2)
  4 spectral swamp worms (Tar:7)
  43 large abominations
  34 orange demons
  3 dire elephant skeletons
  31 tormentors
  An emperor scorpion zombie (Crypt:2)
  4 efreet
  41 yaktaurs
  3 anaconda simulacra
  5 komodo dragons
  29 ice devils
  23 hellions
  2 catoblepas zombies
  A purple draconian skeleton (Geh:1)
  40 guardian mummies
  16 freezing wraiths
  11 demonic crawlers
  35 red devils
  2 harpy zombies
  13 hellwings (Pan)
  A redback zombie (Crypt:2)
  2 grey draconian skeletons
  A jumping spider (Vaults:4)
  7 hydra zombies
  10 trolls
  2 minotaur zombies (Lab)
  A tengu conjurer (Vaults:2)
  18 merfolk
  A troll (shapeshifter) (Depths:3)
  A tyrant leech (shapeshifter) (Depths:3)
  5 wind drakes
  A meliai (shapeshifter) (Depths:3)
  2 silent spectres
  2 hydra skeletons (Geh:4)
  10 hornets
  42 slime creatures
  11 hippogriffs
  5 alligator zombies
  A tengu simulacrum (Vaults:5)
  3 spriggan zombies
  2 fire giant simulacra
  7 bog bodies
  3 raiju (Depths:3)
  A fire dragon zombie (Dis:7)
  A death drake skeleton (Crypt:2)
  7 ettin zombies
  4 harpy skeletons
  2 snapping turtles
  A human simulacrum (Vaults:3)
  A deep troll zombie (Depths:1)
  8 dream sheep
  20 blink frogs
  3 ice dragon zombies
  2 deep troll skeletons (Depths:1)
  12 air elementals
  88 flying skulls
  3 redbacks (Vaults:4)
  3 alligator skeletons
  3 ettin skeletons
  3 fire dragon skeletons
  A snapping turtle (shapeshifter) (Vaults:4)
  A black mamba zombie (Coc:7)
  A yak (shapeshifter) (Depths:3)
  16 ynoxinuls
  19 water elementals
  11 spriggans
  24 shadows
  48 wraiths
  A wyvern (D:14)
  18 ushabtiu
  27 vampires
  2 ice dragon skeletons
  A tarantella (Vaults:1)
  42 yaks
  A human (shapeshifter) (Depths:3)
  28 fire elementals
  A hog (Snake:3)
  A hog (shapeshifter) (Vaults:4)
  3 hungry ghosts
  2 basilisks (Lair:6)
  19 chaos spawn
  25 neqoxecs
  A steam dragon (D:12)
  A harpy simulacrum (Tomb:3)
  15 wargs
  Menkaure (D:6)
  16 vampire mosquitoes
  A merfolk zombie (Geh:2)
  60 nagas
  6 spiny frog zombies
  3 acid dragons
  A torturous demonspawn zombie (Crypt:1)
  4 insubstantial wisps (Depths:3)
  13 water moccasins
  A floating eye (shapeshifter) (Depths:3)
  42 hell hounds
  3 spiny frog skeletons
  55 orc warriors
  6 porcupines
  3 black bears
  10 ice beasts
  2 slaves (D:7)
  4 swamp dragon zombies
  2 sky beasts (shapeshifter)
  3 sky beasts
  3 snapping turtle zombies
  42 ogres
  10 wolves
  8 phantoms
  19 necrophages
  2 eyes of draining (Slime:5)
  24 centaurs
  3 snapping turtle skeletons
  A torpor snail zombie (Crypt:2)
  11 crocodiles
  A rime drake zombie (Crypt:3)
  A swamp dragon skeleton (Geh:2)
  5 small abominations
  A komodo dragon zombie (Crypt:1)
  An octopode zombie (Crypt:3)
  A big kobold (D:11)
  20 bullfrogs
  11 earth elementals
  2 spiny frog simulacra
  A raiju zombie (Crypt:2)
  A wyvern skeleton (D:10)
  4 scorpions
  A water moccasin skeleton (D:8)
  68 wights
  A spriggan skeleton (Volcano)
  15 killer bees
  2 troll skeletons
  6 jellies
  3 howler monkeys
  A wolf skeleton (Crypt:1)
  6 starcursed masses (Abyss:3)
  6 centaur zombies
  13 crimson imps
  A quasit (D:9)
  8 human zombies
  2 bullfrog zombies
  Crazy Yiuf (D:7)
  3 centaur skeletons
  21 orc priests
  2 bullfrog skeletons
  4 hounds
  2 human skeletons
  14 iron imps
  A gnoll shaman (D:5)
  Terence (D:3)
  5 iguanas
  22 orc wizards
  8 hell rats
  10 worker ants
  A killer bee zombie (D:8)
  A deep dwarf zombie (Crypt:2)
  An ogre skeleton (Crypt:2)
  A tengu zombie (Geh:6)
  2 hound skeletons
  53 mummies
  A howler monkey zombie (D:9)
  A worker ant zombie (D:11)
  20 gnolls
  10 adders
  A steam dragon skeleton (Crypt:1)
  11 shadow imps
  4 white imps
  An ufetubus (Abyss:3)
  2 oozes
  An ooze (shapeshifter) (Depths:3)
  6 adder skeletons
  2 worms
  A ball lightning (Pan)
  9 dart slugs
  4 leopard geckos
  118 orcs
  A ball python (D:6)
  16 bats
  5 giant cockroaches
  6 goblins
  9 hobgoblins
  14 jackals
  15 kobolds
  4 quokkas
  8 frilled lizards
  A frilled lizard zombie (Crypt:3)
  A gnoll skeleton (Crypt:1)
  A hobgoblin skeleton (Crypt:1)
  A kobold skeleton (Geh:7)
  A leopard gecko skeleton (Crypt:1)
  An orc zombie (Dis:5)
  A quokka skeleton (D:4)
  A quokka zombie (D:5)
  16 rats
  4 crawling corpses
  3 fire vortices (Pan)
  A lurking horror (Abyss:3)
  A plant (Lair:2)
  3 starspawn tentacles (Abyss:3)
  6 tentacles
4537 creatures vanquished.

Vanquished Creatures (collateral kills)
  Mnoleg (Pan)
  An orb of fire (Zot:5)
  3 greater mummies
  3 Brimstone Fiends
  An iron giant (Dis:7)
  An Orb Guardian (Zot:5)
  An Executioner (Pan)
  An ancient champion (Tomb:2)
  A fire giant (Geh:7)
  A balrug (Geh:7)
  2 cacodemons (Dis:7)
  A draconian annihilator (Pan)
  A lorocyproca (Pan)
  2 bennus
  A blizzard demon (Coc:7)
  A mummy priest (Tomb:2)
  A quicksilver dragon skeleton (Coc:7)
  An ice dragon (Coc:7)
  A death scarab (Tomb:3)
  2 soul eaters (Pan)
  2 skeletal warriors
  A sixfirhy (Pan)
  A shadow wraith (Pan)
  A shadow demon (Tar:7)
  A wizard (Pan)
  A wolf spider zombie (Dis:7)
  A rust devil (Dis:7)
  An ice statue (Coc:7)
  2 smoke demons (Pan)
  A tormentor (Dis:7)
  2 guardian mummies
  3 ushabtiu (Tomb:3)
  A swamp dragon zombie (Dis:7)
  3 mummies
48 creatures vanquished.

Vanquished Creatures (others)
  A golden dragon (Zot:4)
  3 deep elf master archers
  2 eldritch tentacles
  Donald (Slime:4)
  A fire giant (Geh:1)
  A balrug (Pan)
  An ironheart preserver (Vaults:4)
  A draconian stormcaller (Zot:2)
  A war gargoyle (Depths:3)
  A reaper (Geh:7)
  An elemental wellspring (Coc:7)
  A very ugly thing (Depths:4)
  A bennu (Tomb:2)
  A green draconian (Geh:7)
  A purple draconian (Zot:1)
  A merfolk javelineer (Shoals:4)
  2 vault guards (Vaults:5)
  A yaktaur captain (Vaults:4)
  A centaur warrior (Depths:1)
  A satyr (Shoals:4)
  2 naga sharpshooters (Snake:4)
  A deep elf knight (Elf:1)
  A shadow wraith (Vaults:5)
  5 skeletal warriors
  2 wizards (Pan)
  3 deep elf archers
  A flayed ghost (Geh:4)
  A naga ritualist (Snake:4)
  4 ugly things (Depths:1)
  A black mamba (Snake:3)
  A vault sentinel (Vaults:5)
  A smoke demon (Pan)
  An efreet (Pan)
  8 yaktaurs
  A tengu conjurer (D:13)
  2 flying skulls (Tomb:2)
  A shadow (D:15)
  An air elemental (Depths:3)
  3 water elementals (Depths:3)
  A wraith (Geh:7)
  A hog (shapeshifter) (Vaults:5)
  A fire elemental (Geh:4)
  5 humans (Snake:3)
  A chaos spawn (Pan)
  A warg (Vaults:4)
  A naga (Snake:1)
  2 hell hounds
  An orc warrior (Vaults:4)
  A swamp drake (shapeshifter) (Depths:1)
  3 ogres
  6 centaurs
  A quasit (Zot:5)
  An iron imp (Dis:7)
  An ogre zombie (Geh:4)
  4 mummies (Tomb:2)
  21 ball lightnings
  2 orcs
  A kobold zombie (Dis:7)
  A bush (Lair:5)
  A crawling corpse (Elf:3)
  A fungus (Lair:1)
  7 plants
  8 starspawn tentacles (Abyss:3)
  15 tentacles
152 creatures vanquished.

Grand Total: 4737 creatures vanquished

Notes
Turn   | Place    | Note
-------+----------+-------------------------------------------
     0 | D:1      | MDvedh the Gargoyle Fighter began the quest for the Orb.
     0 | D:1      | Reached XP level 1. HP: 14/14 MP: 1/1
     0 | D:1      | Upgraded the game from 0.20.0-1-g1cb1d84 to 0.20.0-4-g10b340a
   203 | D:1      | Reached XP level 2. HP: 18/19 MP: 2/2
   443 | D:1      | Reached XP level 3. HP: 23/23 MP: 3/3
  1060 | D:2      | Reached XP level 4. HP: 19/28 MP: 4/4
  1530 | D:3      | Noticed Terence
  1554 | D:3      | Killed Terence
  1554 | D:3      | Reached skill level 5 in Maces & Flails
  1554 | D:3      | Reached XP level 5. HP: 12/32 MP: 5/5
  1770 | D:3      | Found a shattered altar of Ashenzari.
  1770 | D:3      | Found a glowing silver altar of Zin.
  1771 | D:3      | Found a hide-covered altar of Uskayaw.
  1771 | D:3      | Found an ancient bone altar of Kikubaaqudgha.
  1771 | D:3      | Found a basalt altar of Yredelemnul.
  1771 | D:3      | Found a radiant altar of Vehumet.
  2464 | D:4      | Reached XP level 6. HP: 32/37 MP: 6/6
  3063 | D:5      | Entered Level 5 of the Dungeon
  3300 | D:5      | Found a staircase to the Ecumenical Temple.
  3307 | D:5      | Noticed a sky beast
  3313 | Temple   | Entered the Ecumenical Temple
  3385 | Temple   | Became a worshipper of Warmaster Okawaru
  3408 | D:5      | Killed a sky beast
  3408 | D:5      | Reached XP level 7. HP: 41/41 MP: 7/7
  3469 | D:5      | Found Lastrilih's Book Shop.
  3961 | D:5      | Found a hazy altar of Hepliaklqana.
  4529 | D:5      | Reached * piety under Okawaru
  4595 | D:5      | Identified a scroll of acquirement
  4621 | D:6      | Noticed Menkaure
  4625 | D:6      | Killed Menkaure
  4625 | D:6      | Reached XP level 8. HP: 46/46 MP: 5/8
  4725 | D:6      | Found Vycarhiy's Assorted Antiques.
  4728 | D:6      | Bought a potion of might for 92 gold pieces
  4912 | D:6      | Reached skill level 10 in Maces & Flails
  4926 | D:6      | Found Wargheopp's Magic Scroll Emporium.
  5109 | D:6      | Found Ihypt's Book Emporium.
  5181 | D:6      | Reached ** piety under Okawaru
  5214 | D:6      | Found Meurusm's Assorted Antiques.
  5237 | D:6      | Bought a scroll labeled WEURIE REUMUNU for 22 gold pieces
  5237 | D:6      | Bought a fuming inky potion for 19 gold pieces
  5237 | D:6      | Bought a glowing morningstar for 154 gold pieces
  5396 | D:6      | You fall through a shaft for 3 floors!
  5441 | D:9      | Noticed a yak
  5446 | D:9      | Noticed a yak
  5446 | D:9      | Noticed a yak
  5448 | D:9      | Noticed a yak
  5457 | D:9      | Killed a yak
  5457 | D:9      | Reached XP level 9. HP: 49/51 MP: 6/9
  5472 | D:9      | Reached *** piety under Okawaru
  5884 | D:9      | Reached **** piety under Okawaru
  6101 | D:7      | Found Aplus's Distillery.
  6261 | D:7      | Reached XP level 10. HP: 56/56 MP: 10/10
  6419 | D:7      | Found Qodox's Food Shoppe.
  6674 | D:7      | Found a white marble altar of Elyvilon.
  6776 | D:7      | Noticed Pikel
  6785 | D:7      | Killed Pikel
  6931 | D:7      | Reached ***** piety under Okawaru
  6974 | D:7      | Found a runed door.
  7307 | D:7      | Noticed Crazy Yiuf
  7310 | D:7      | Killed Crazy Yiuf
  7647 | D:8      | Noticed a two-headed ogre
  7659 | D:8      | Killed a two-headed ogre
  7659 | D:8      | Reached skill level 15 in Maces & Flails
  8280 | D:9      | Reached XP level 11. HP: 53/60 MP: 11/11
  8319 | D:9      | Found a burning altar of Makhleb.
  8528 | D:10     | Entered Level 10 of the Dungeon
  8764 | D:10     | Received a gift from Okawaru
  8786 | D:10     | Noticed Josephine
  8910 | D:10     | Killed Josephine
  9213 | D:10     | Reached skill level 1 in Invocations
 10176 | D:10     | Noticed an unseen horror
 10182 | D:10     | Killed an unseen horror
 10367 | D:11     | Noticed Snorg
 10403 | D:11     | Killed Snorg
 10628 | D:11     | Reached skill level 5 in Armour
 10756 | D:11     | Reached skill level 5 in Fighting
 10756 | D:11     | Reached skill level 5 in Shields
 10779 | D:11     | Reached XP level 12. HP: 60/68 MP: 14/14
 11168 | D:11     | Reached skill level 1 in Dodging
 11328 | D:11     | Found a staircase to the Lair.
 11524 | Lair:1   | Entered Level 1 of the Lair of Beasts
 11890 | Lair:1   | Received a gift from Okawaru
 11893 | Lair:1   | Got a steaming hat {god gift}
 11899 | Lair:1   | Identified the +2 hat of Foolhardiness {MR+ rCorr Int+3} (Okawaru gifted it to you on level 1 of the Lair of Beasts)
 12343 | Lair:1   | Got a faintly glowing helmet
 12354 | Lair:1   | Identified the +3 helmet "Origherr" {Dex+6} (You found it on level 1 of the Lair of Beasts)
 12384 | Lair:1   | Got an encrusted chain mail
 12395 | Lair:1   | Identified the +8 chain mail "Coses" {rPois rF+ Regen+ Dex-2} (You found it on level 1 of the Lair of Beasts)
 12717 | Lair:2   | Reached skill level 5 in Invocations
 12978 | Lair:2   | You fall through a shaft for 2 floors!
 13039 | Lair:4   | Noticed a five-headed hydra
 13053 | Lair:4   | Killed a five-headed hydra
 13166 | Lair:4   | Noticed a death yak
 13176 | Lair:4   | Noticed a death yak
 13176 | Lair:4   | Noticed a death yak
 13188 | Lair:4   | Killed a death yak
 13201 | Lair:4   | Killed a death yak
 13215 | Lair:4   | Killed a death yak
 13244 | Lair:4   | Reached XP level 13. HP: 76/76 MP: 17/17
 13308 | Lair:4   | Received a gift from Okawaru
 13959 | Lair:5   | Reached ****** piety under Okawaru
 14122 | Lair:5   | Received a gift from Okawaru
 14230 | Lair:5   | Reached skill level 5 in Dodging
 14255 | Lair:5   | Found a staircase to the Slime Pits.
 14743 | Lair:6   | Entered Level 6 of the Lair of Beasts
 14798 | Lair:6   | Found a dark tunnel.
 14817 | Volcano  | Entered a volcano
 14980 | Volcano  | Gained mutation: Your large and strong wings let you fly indefinitely. [Gargoyle growth]
 14980 | Volcano  | Reached XP level 14. HP: 84/84 MP: 20/20
 15023 | Volcano  | Received a gift from Okawaru
 15449 | Lair:6   | Received a gift from Okawaru
 15471 | Lair:6   | Reached skill level 10 in Armour
 15555 | Lair:6   | Got a twisted cloak
 15566 | Lair:6   | Identified the +2 cloak "Geado" {rPois rC+} (You found it on level 6 of the Lair of Beasts)
 15691 | Lair:6   | Reached skill level 10 in Shields
 16263 | Lair:3   | Found a staircase to the Shoals.
 16277 | Lair:3   | Reached skill level 10 in Fighting
 16603 | Lair:3   | Found a bloodstained altar of Trog.
 17012 | Lair:2   | Found a staircase to the Snake Pit.
 17449 | Lair:2   | Received a gift from Okawaru
 17692 | D:12     | Found a staircase to the Orcish Mines.
 17951 | D:12     | Found a labyrinth entrance.
 18012 | Lab      | Entered a labyrinth
 18243 | Lab      | Got a vibrating bronze amulet
 18249 | Lab      | Identified the amulet of Darkness {Reflect rPois rC- MR+ SH+3 Stlth+} (You found it in a labyrinth)
 18260 | Lab      | Reached XP level 15. HP: 93/93 MP: 21/21
 18263 | Lab      | Got a scorched large shield
 18264 | Lab      | Identified the cursed +0 large shield of Hangman {rPois Dex+3} (You found it in a labyrinth)
 18507 | D:12     | Reached XP level 16. HP: 98/98 MP: 22/22
 19062 | D:12     | Gained mutation: Your spells are a little easier to cast, but a little less powerful. [potion of mutation]
 19062 | D:12     | Gained mutation: You are frail. (-10% HP) [potion of mutation]
 19062 | D:12     | Gained mutation: You have supernaturally acute eyesight. (SInv) [potion of mutation]
 19063 | D:12     | Lost mutation: You have supernaturally acute eyesight. (SInv) [potion of mutation]
 19063 | D:12     | Lost mutation: You are frail. (-10% HP) [potion of mutation]
 19063 | D:12     | Lost mutation: Your spells are a little easier to cast, but a little less powerful. [potion of mutation]
 19063 | D:12     | Gained mutation: You are frail. (-10% HP) [potion of mutation]
 19063 | D:12     | Gained mutation: You have a beak for a mouth. [potion of mutation]
 19064 | D:12     | Lost mutation: You are frail. (-10% HP) [potion of mutation]
 19064 | D:12     | Gained mutation: Your muscles are strong. (Str +2) [potion of mutation]
 19064 | D:12     | Gained mutation: You are partially covered in thin metallic scales. (AC +2) [potion of mutation]
 19124 | Orc:1    | Entered Level 1 of the Orcish Mines
 19192 | Orc:1    | Found a roughly hewn altar of Beogh.
 19572 | Orc:2    | Entered Level 2 of the Orcish Mines
 19738 | Orc:2    | Gained mutation: You possess an exceptional clarity of mind. [a neqoxec]
 19907 | Orc:2    | Found Doydyc's Weapon Emporium.
 19912 | Orc:2    | Found Bumov's Food Boutique.
 19912 | Orc:2    | Found a burning altar of Makhleb.
 19926 | Orc:2    | Found a staircase to the Elven Halls.
 20060 | Orc:2    | Found a roughly hewn altar of Beogh.
 20073 | Orc:2    | Found Gepeti's Gadget Emporium.
 20114 | Orc:2    | Found Coffez's Antique Weapon Shop.
 20247 | Orc:2    | Found Ethyifyr's Assorted Antiques.
 20273 | Orc:2    | Found Apopeori's Assorted Antiques.
 20331 | Orc:2    | Received a gift from Okawaru
 20365 | Orc:2    | Bought a blackened golden amulet for 150 gold pieces
 20374 | Orc:2    | Bought a potion of curing for 75 gold pieces
 20374 | Orc:2    | Bought a scroll of teleportation for 75 gold pieces
 20397 | Orc:2    | Found Jafu Kaqi's Assorted Antiques.
 20404 | Orc:2    | Bought a granite ring for 155 gold pieces
 20673 | D:13     | Noticed inmateoo's ghost (journeyman MiMo)
 20817 | D:13     | Killed inmateoo's ghost
 20980 | D:13     | Found a gate to the Vaults.
 21146 | D:13     | Found a sparkling altar of Nemelex Xobeh.
 21551 | D:13     | Found an ancient bone altar of Kikubaaqudgha.
 21893 | D:14     | Found Bilashri's Armour Shop.
 22369 | D:14     | Found a sparkling altar of Nemelex Xobeh.
 22522 | D:15     | Entered Level 15 of the Dungeon
 22620 | D:15     | Found a hazy altar of Hepliaklqana.
 22852 | D:15     | Reached XP level 17. HP: 93/106 MP: 23/23
 22875 | D:15     | Found a staircase to the Depths.
 23104 | D:15     | Found Piof's Assorted Antiques.
 23128 | D:15     | Bought a pair of distressingly furry gloves for 342 gold pieces
 23138 | D:15     | Identified the +5 pair of gloves of the Fisher {rElec rC++ Int-3 SInv} (You bought it in a shop on level 15 of the Dungeon)
 23668 | D:6      | Bought a scroll of brand weapon for 200 gold pieces
 23668 | D:6      | Bought a scroll of identify for 20 gold pieces
 23906 | Snake:1  | Entered Level 1 of the Snake Pit
 23906 | Snake:1  | Noticed Aizul
 23910 | Snake:1  | Noticed Agnes
 23942 | Snake:1  | Killed Aizul
 23951 | Snake:1  | Killed Agnes
 24066 | Snake:1  | Received a gift from Okawaru
 25168 | Snake:2  | Found Amev's Jewellery Emporium.
 25168 | Snake:2  | Found Xas Hiku's Gadget Boutique.
 25169 | Snake:2  | Found Hutti's Gadget Boutique.
 25981 | Snake:3  | Reached skill level 10 in Dodging
 25996 | Snake:3  | Found Pumu's Distillery.
 26000 | Snake:3  | Found Ugugat's Antique Weapon Boutique.
 26002 | Snake:3  | Found Plog's Antique Armour Shop.
 26009 | Snake:3  | Bought a dazzling chain mail for 313 gold pieces
 26009 | Snake:3  | Identified the +5 chain mail of Nuttoc {*Drain +Inv Dex+3 Stlth+} (You bought it in a shop on level 3 of the Snake Pit)
 26023 | Snake:3  | Bought a potion of curing for 45 gold pieces
 26023 | Snake:3  | Bought a potion of haste for 150 gold pieces
 26023 | Snake:3  | Bought a potion of brilliance for 60 gold pieces
 26023 | Snake:3  | Bought a potion of agility for 60 gold pieces
 26023 | Snake:3  | Bought a potion of invisibility for 120 gold pieces
 26023 | Snake:3  | Bought a potion of might for 60 gold pieces
 26023 | Snake:3  | Bought a potion of might for 60 gold pieces
 26050 | Snake:3  | Received a gift from Okawaru
 26050 | Snake:3  | Reached skill level 15 in Shields
 26186 | Snake:3  | Noticed Kirke
 26204 | Snake:3  | Killed Kirke
 26320 | Snake:3  | Reached XP level 18. HP: 114/115 MP: 24/24
 27151 | Snake:4  | Entered Level 4 of the Snake Pit
 27378 | Snake:4  | Received a gift from Okawaru
 27618 | Snake:4  | Got a serpentine rune of Zot
 27811 | Shoals:1 | Entered Level 1 of the Shoals
 28092 | Shoals:2 | Received a gift from Okawaru
 28207 | Shoals:4 | Entered Level 4 of the Shoals
 28444 | Shoals:4 | Noticed Ilsuiw
 28481 | Shoals:4 | Killed Ilsuiw
 28481 | Shoals:4 | Reached skill level 15 in Armour
 28481 | Shoals:4 | Reached XP level 19. HP: 60/123 MP: 21/25
 28561 | Shoals:4 | Identified the Reference Book on Calling
 28748 | Shoals:4 | Reached skill level 15 in Fighting
 28931 | Shoals:4 | Received a gift from Okawaru
 28958 | Shoals:4 | Got a barnacled rune of Zot
 28963 | Shoals:4 | Got a pair of steaming gloves {god gift}
 28977 | Shoals:4 | Identified the +0 pair of gloves "Cumpak" {Int+5 Slay+3} (Okawaru gifted it to you on level 4 of the Shoals)
 29256 | Vaults:1 | Entered Level 1 of the Vaults
 29444 | Vaults:1 | Reached skill level 1 in Evocations
 30662 | Vaults:2 | Found Zylixaum's Jewellery Emporium.
 30668 | Vaults:2 | Received a gift from Okawaru
 30708 | Vaults:2 | Bought a cursed ring of loudness for 99 gold pieces
 30708 | Vaults:2 | Bought a cursed ring of teleportation for 99 gold pieces
 30900 | Vaults:2 | Found a radiant altar of Vehumet.
 30900 | Vaults:2 | Noticed a lich
 30915 | Vaults:2 | Killed a lich
 30924 | Vaults:2 | Got a fine hat
 30935 | Vaults:2 | Identified the +2 hat of the Catfish {*Drain Regen+ rCorr Stlth+} (You found it on level 2 of the Vaults)
 31022 | Vaults:2 | Reached XP level 20. HP: 130/130 MP: 26/26
 31337 | Vaults:2 | Found a staircase to the Crypt.
 31337 | Vaults:2 | Found a basalt altar of Yredelemnul.
 31338 | Vaults:2 | Found an ancient bone altar of Kikubaaqudgha.
 31370 | Vaults:2 | Received a gift from Okawaru
 32085 | Vaults:2 | Found Itetik's Assorted Antiques.
 32093 | Vaults:2 | Bought a scroll labeled YGGAIM QYAWUG for 35 gold pieces
 32304 | Vaults:3 | Reached skill level 5 in Evocations
 32636 | Vaults:3 | Received a gift from Okawaru
 33499 | Vaults:2 | Bought an uncursed ring of protection from magic for 550 gold pieces
 33499 | Vaults:2 | Bought a +1 ring of evasion for 66 gold pieces
 33580 | Vaults:4 | Found Fierchea's Food Shop.
 33848 | Vaults:4 | Paralysed by an ogre mage for 5 turns
 33937 | Vaults:4 | Reached XP level 21. HP: 137/137 MP: 27/27
 34021 | Vaults:4 | Found Zeujaen's Distillery.
 34029 | Vaults:4 | Bought 2 potions of heal wounds for 110 gold pieces
 34257 | Vaults:4 | Received a gift from Okawaru
 34807 | Vaults:4 | Found Jaewu's Armour Boutique.
 35015 | Vaults:4 | Found Rieblear's Antique Weapon Emporium.
 35739 | Elf:1    | Entered Level 1 of the Elven Halls
 36152 | Elf:1    | Received a gift from Okawaru
 36652 | Elf:2    | Found a runed gate.
 36654 | Elf:2    | Found a runed gate.
 36657 | Elf:2    | Found a runed gate.
 37130 | Elf:2    | Reached XP level 22. HP: 145/145 MP: 25/28
 37625 | Elf:3    | Entered Level 3 of the Elven Halls
 37901 | Elf:3    | Received a gift from Okawaru
 38015 | Elf:3    | Got a wavering bronze ring
 38016 | Elf:3    | Identified the ring of the Garden {+Fly rPois Int+3 Dex+5 Slay+2} (You found it on level 3 of the Elven Halls)
 38021 | Elf:3    | Identified the Papyrus of Freezing Protection
 38721 | Depths:1 | Entered Level 1 of the Depths
 38753 | Depths:1 | Found a gateway to Hell.
 38865 | Depths:1 | Found a runed door.
 39015 | Depths:1 | Received a gift from Okawaru
 39136 | Depths:1 | Reached XP level 23. HP: 117/152 MP: 29/29
 39205 | Depths:1 | Identified the Guide on Black Rites
 39847 | Depths:1 | Noticed a golden dragon
 39847 | Depths:1 | Noticed a caustic shrike
 39878 | Depths:1 | Killed a golden dragon
 39889 | Depths:1 | Killed a caustic shrike
 39924 | Depths:1 | Got a warped graven amulet
 39927 | Depths:1 | Got an ancient turquoise ring
 39936 | Depths:1 | Identified the amulet of Ussuoci {+Rage MR+} (You found it on level 1 of the Depths)
 39939 | Depths:1 | Identified the ring "Aweush" {rC+ rN+ Int+7} (You found it on level 1 of the Depths)
 40101 | Depths:2 | Received a gift from Okawaru
 40115 | Depths:2 | Identified a +1 pair of boots of running (Okawaru gifted it to you on level 2 of the Depths)
 40373 | Depths:2 | Got a coiled copper ring
 40381 | Depths:2 | Identified the ring of the Solstice {rPois rN+ Int+2} (You found it on level 2 of the Depths)
 40444 | Depths:2 | Reached skill level 15 in Dodging
 40837 | Depths:2 | Noticed Saint Roka
 40869 | Depths:2 | Killed Saint Roka
 41398 | Depths:3 | Reached XP level 24. HP: 160/160 MP: 29/29
 41525 | Depths:3 | Noticed Xtahua
 41565 | Depths:3 | Received a gift from Okawaru
 41597 | Depths:3 | Killed Xtahua
 41816 | Depths:3 | Noticed Jorgrun
 41826 | Depths:3 | Killed Jorgrun
 41923 | Depths:3 | Found a one-way gate leading to the halls of Pandemonium.
 42247 | Depths:3 | Paralysed by a floating eye for 3 turns
 42258 | Depths:3 | Found a gateway to a ziggurat.
 42266 | Depths:3 | Got a slimy silver ring
 42477 | Depths:3 | Identified the ring "Ynoam" {rElec rF+ MP+9 Dex+3} (You found it on level 3 of the Depths)
 43173 | Depths:4 | Got a translucent plate armour
 43184 | Depths:4 | Identified the +9 plate armour "Gupainuc" {rN++ Str-3} (You found it on level 4 of the Depths)
 43396 | Depths:4 | Received a gift from Okawaru
 43399 | Depths:4 | Got a spiked scarf {god gift}
 43410 | Depths:4 | Identified the scarf "Plog" {rC+ rN+ Int-4} (Okawaru gifted it to you on level 4 of the Depths)
 43463 | Depths:4 | Found a one-way gate to the infinite horrors of the Abyss.
 43729 | Depths:4 | Got a heavily runed granite ring
 44003 | Depths:4 | Noticed Jory
 44050 | Depths:4 | Killed Jory
 44480 | Depths:5 | Entered Level 5 of the Depths
 44544 | Depths:5 | Reached XP level 25. HP: 165/168 MP: 29/29
 44705 | Depths:5 | Found a corrupted altar of Lugonu.
 44748 | Depths:5 | Noticed the Enchantress
 44774 | Depths:5 | Killed the Enchantress
 45043 | Depths:5 | Found Nuofuupt's Assorted Antiques.
 45043 | Depths:5 | Found Wopseff's Gadget Emporium.
 45044 | Depths:5 | Found Qetosch's Gadget Shoppe.
 45048 | Depths:5 | Found Viconn's Assorted Antiques.
 45051 | Depths:5 | Bought a scroll of teleportation for 90 gold pieces
 45054 | Depths:5 | Bought a scroll of teleportation for 126 gold pieces
 45054 | Depths:5 | Bought a potion of heal wounds for 210 gold pieces
 45054 | Depths:5 | Bought a scroll of teleportation for 126 gold pieces
 45054 | Depths:5 | Bought a potion of might for 168 gold pieces
 45054 | Depths:5 | Bought a scroll of identify for 84 gold pieces
 45054 | Depths:5 | Bought a scroll of enchant weapon for 315 gold pieces
 45119 | Depths:5 | Received a gift from Okawaru
 45215 | Depths:5 | Found a gate to the Realm of Zot.
 45318 | Depths:5 | Received a gift from Okawaru
 45820 | Slime:1  | Entered Level 1 of the Pits of Slime
 45844 | Slime:1  | Received a gift from Okawaru
 45965 | Slime:2  | Identified the ring "Xoywep" {rF+ Str+4 Int+6} (You found it on level 4 of the Depths)
 46059 | Slime:5  | Entered Level 5 of the Pits of Slime
 46165 | Slime:5  | Lost mutation: Your muscles are strong. (Str +2) [a shining eye]
 46172 | Slime:5  | Gained mutation: You are clumsy. (Dex -2) [a shining eye]
 46208 | Slime:5  | Found a viscous altar of Jiyva.
 46228 | Slime:5  | Noticed the Royal Jelly
 46241 | Slime:5  | Killed the Royal Jelly
 46286 | Slime:4  | Killed Donald
 46605 | Slime:5  | Got a brightly glowing turquoise ring
 46644 | Slime:5  | Got a slimy rune of Zot
 46647 | Slime:5  | Identified the Volume of the Arsonist and Intoxication
 46667 | Slime:5  | Got a wavering golden ring
 46713 | Slime:5  | Identified the ring "Imubaax" {AC+2 Int+2 Dex+3} (You found it on level 5 of the Pits of Slime)
 46715 | Slime:5  | Identified the ring of the Ban {+Blink rPois rF+ Dex+2} (You found it on level 5 of the Pits of Slime)
 47159 | Zot:1    | Entered Level 1 of the Realm of Zot
 47305 | Zot:1    | Noticed a Killer Klown
 47326 | Zot:1    | Reached XP level 26. HP: 177/177 MP: 29/29
 47722 | Zot:1    | Received a gift from Okawaru
 48106 | Zot:1    | Received a gift from Okawaru
 48307 | Zot:2    | Received a gift from Okawaru
 48746 | Zot:2    | Noticed theElss's ghost (legendary GrBe)
 48779 | Zot:2    | Killed theElss's ghost
 48803 | Zot:2    | Reached XP level 27. HP: 170/184 MP: 29/29
 49244 | Zot:2    | Received a gift from Okawaru
 49865 | Zot:3    | Noticed an orb of fire
 49880 | Zot:3    | Gained mutation: You are weak. (Str -2) [an orb of fire]
 49885 | Zot:3    | Gained mutation: Your magical capacity is low. (-10% MP) [an orb of fire]
 49888 | Zot:3    | Killed an orb of fire
 50322 | Zot:3    | You fall through a shaft!
 50604 | Zot:3    | Received a gift from Okawaru
 51835 | Zot:5    | Entered Level 5 of the Realm of Zot
 51969 | Zot:5    | Received a gift from Okawaru
 51974 | Zot:5    | Got a spiked crystal plate armour {god gift}
 51986 | Zot:5    | Identified the +10 crystal plate armour of Fun {rCorr Str+2 Stlth+} (Okawaru gifted it to you on level 5 of the Realm of Zot)
 52351 | Zot:5    | Noticed an ancient lich
 52365 | Zot:5    | Killed an ancient lich
 52616 | Zot:5    | Noticed an ancient lich
 52653 | Zot:5    | Killed an ancient lich
 52799 | Zot:5    | Noticed an orb of fire
 52821 | Zot:5    | Lost mutation: You possess an exceptional clarity of mind. [an orb of fire]
 52828 | Zot:5    | Killed an orb of fire
 52837 | Zot:5    | Noticed an orb of fire
 52837 | Zot:5    | Noticed an orb of fire
 52837 | Zot:5    | Gained mutation: You are very clumsy. (Dex -4) [an orb of fire]
 52863 | Zot:5    | Gained mutation: You are frail. (-10% HP) [an orb of fire]
 52864 | Zot:5    | Killed an orb of fire
 52874 | Zot:5    | Killed an orb of fire
 52892 | Zot:5    | Received a gift from Okawaru
 53591 | Vaults:5 | Entered Level 5 of the Vaults
 53867 | Vaults:4 | Received a gift from Okawaru
 54326 | Vaults:4 | Received a gift from Okawaru
 54529 | Vaults:4 | Cast into level 3 of the Abyss (ironheart preserver)
 54643 | Abyss:3  | Paralysed by you for 7 turns
 54738 | Abyss:3  | Found a corrupted altar of Lugonu.
 54777 | Abyss:3  | Got an abyssal rune of Zot
 54807 | Vaults:4 | Escaped the Abyss
 54968 | Vaults:5 | Noticed an ancient lich
 54995 | Vaults:4 | Received a gift from Okawaru
 55066 | Vaults:4 | Killed an ancient lich
 55129 | Vaults:4 | Received a gift from Okawaru
 55299 | Vaults:5 | Found Kowolene's Book Shop.
 55572 | Vaults:5 | Got a silver rune of Zot
 55579 | Vaults:5 | Reached skill level 10 in Invocations
 56125 | Temple   | Fell from the grace of Okawaru
 56125 | Temple   | Became a worshipper of the Shining One
 56383 | Crypt:1  | Entered Level 1 of the Crypt
 56428 | Crypt:1  | Reached * piety under the Shining One
 56450 | Crypt:1  | Lost mutation: Your magical capacity is low. (-10% MP) [potion of mutation]
 56450 | Crypt:1  | Lost mutation: You are partially covered in thin metallic scales. (AC +2) [potion of mutation]
 56450 | Crypt:1  | Lost mutation: You are weak. (Str -2) [potion of mutation]
 56450 | Crypt:1  | Lost mutation: You are frail. (-10% HP) [potion of mutation]
 56450 | Crypt:1  | Lost mutation: You are very clumsy. (Dex -4) [potion of mutation]
 56450 | Crypt:1  | Lost mutation: You are clumsy. (Dex -2) [potion of mutation]
 56450 | Crypt:1  | Gained mutation: You are partially covered in thin metallic scales. (AC +2) [potion of mutation]
 56450 | Crypt:1  | Gained mutation: You can translocate small distances at will. [potion of mutation]
 56450 | Crypt:1  | Gained mutation: You have a pair of small horns on your head. [potion of mutation]
 56549 | Crypt:1  | Reached ** piety under the Shining One
 56762 | Crypt:1  | Reached *** piety under the Shining One
 57085 | Crypt:2  | Reached **** piety under the Shining One
 57176 | Crypt:2  | Reached ***** piety under the Shining One
 57686 | Crypt:3  | Entered Level 3 of the Crypt
 57697 | Crypt:3  | Reached ****** piety under the Shining One
 58244 | Crypt:3  | Identified a +9 sacred scourge of holy wrath (a +9 demon whip of flaming blessed by the Shining One)
 58244 | Crypt:3  | Received a gift from the Shining One
 58778 | Crypt:3  | Found a staircase to the Tomb.
 59506 | Hell     | Entered the Vestibule of Hell
 59506 | Hell     | Noticed Geryon
 59517 | Hell     | Gained mutation: You occasionally shout uncontrollably at your foes. [a cacodemon]
 59522 | Hell     | Gained mutation: You do not regenerate when monsters are visible. [a cacodemon]
 59532 | Hell     | Killed Geryon
 59645 | Hell     | Found a gateway to the ashen valley of Gehenna.
 59707 | Geh:1    | Entered Level 1 of Gehenna
 59918 | Geh:3    | Cast into level 2 of the Abyss (hell knight)
 59921 | Abyss:2  | Found a blossoming altar of Fedhas.
 59934 | Geh:3    | Escaped the Abyss
 59944 | Geh:3    | Reached skill level 15 in Invocations
 60726 | Geh:7    | Entered Level 7 of Gehenna
 61234 | Geh:7    | Noticed Asmodeus
 61288 | Geh:7    | HP: 7/196 [Brimstone Fiend/damnation (52)]
 61557 | Geh:7    | Killed Asmodeus
 61706 | Geh:7    | Got an obsidian rune of Zot
 61905 | Hell     | Lost mutation: You have a pair of small horns on your head. [potion of mutation]
 61905 | Hell     | Lost mutation: You occasionally shout uncontrollably at your foes. [potion of mutation]
 61905 | Hell     | Lost mutation: You do not regenerate when monsters are visible. [potion of mutation]
 61905 | Hell     | Gained mutation: You passively map a small area around you. [potion of mutation]
 61944 | Hell     | Found a gateway to the decaying netherworld of Tartarus.
 61964 | Tar:1    | Entered Level 1 of Tartarus
 62005 | Tar:1    | Was forgiven by Okawaru
 62123 | Tar:3    | Found a huge runed gate.
 62123 | Tar:3    | Found a huge runed gate.
 62123 | Tar:3    | Found a huge runed gate.
 62124 | Tar:3    | Found a huge runed gate.
 62131 | Tar:3    | Noticed an ancient lich
 62132 | Tar:3    | Noticed an ancient lich
 62132 | Tar:3    | Noticed an ancient lich
 62136 | Tar:3    | Killed an ancient lich
 62137 | Tar:3    | Killed an ancient lich
 62139 | Tar:3    | Killed an ancient lich
 62498 | Tar:7    | Entered Level 7 of Tartarus
 62999 | Tar:7    | Noticed Ereshkigal
 63006 | Tar:7    | Paralysed by Ereshkigal for 4 turns
 63018 | Tar:7    | Killed Ereshkigal
 63037 | Tar:7    | Got a bone rune of Zot
 63209 | Hell     | Found a gateway to the freezing wastes of Cocytus.
 63223 | Coc:1    | Entered Level 1 of Cocytus
 63665 | Coc:3    | Gained mutation: Potions are less effective at restoring your health. [mutagenic glow]
 63968 | Coc:7    | Entered Level 7 of Cocytus
 64140 | Coc:7    | Noticed the Serpent of Hell
 64161 | Coc:7    | Killed the Serpent of Hell
 64459 | Coc:7    | Noticed Antaeus
 64498 | Coc:7    | Killed Antaeus
 64531 | Coc:7    | Got a fine pewter ring
 64542 | Coc:7    | Got an icy rune of Zot
 64553 | Coc:7    | Identified the Disquisition on Creative Necromancy
 64637 | Coc:7    | Got a spiked plate armour
 64654 | Coc:7    | Identified the cursed ring "Diynod" {+Inv rElec rC- Str-3 Dex+5} (You took it off Antaeus on level 7 of Cocytus)
 64656 | Coc:7    | Identified the +7 plate armour of Divine Compulsion {rElec Dex+7} (You found it on level 7 of Cocytus)
 64860 | Hell     | Found a gateway to the Iron City of Dis.
 64867 | Dis:1    | Entered Level 1 of the Iron City of Dis
 65846 | Dis:7    | Entered Level 7 of the Iron City of Dis
 66001 | Dis:7    | Gained mutation: Scrolls take you a little longer to read. [a cacodemon]
 66016 | Dis:7    | Reached skill level 27 in Invocations
 66026 | Dis:7    | Reached skill level 27 in Fighting
 66320 | Dis:7    | Lost mutation: You passively map a small area around you. [potion of mutation]
 66320 | Dis:7    | Lost mutation: You can translocate small distances at will. [potion of mutation]
 66320 | Dis:7    | Lost mutation: Scrolls take you a little longer to read. [potion of mutation]
 66320 | Dis:7    | Lost mutation: You have a beak for a mouth. [potion of mutation]
 66320 | Dis:7    | Gained mutation: You possess an exceptional clarity of mind. [potion of mutation]
 66320 | Dis:7    | Gained mutation: You are somewhat resistant to further mutation. [potion of mutation]
 66451 | Dis:7    | Noticed Dispater
 66485 | Dis:7    | Killed Dispater
 66499 | Dis:7    | Got an iron rune of Zot
 66976 | Tomb:1   | Entered Level 1 of the Tomb of the Ancients
 67136 | Tomb:1   | Noticed a greater mummy
 67136 | Tomb:1   | Noticed a greater mummy
 67148 | Tomb:1   | Killed a greater mummy
 67155 | Tomb:1   | Killed a greater mummy
 67465 | Tomb:2   | Noticed a greater mummy
 67466 | Tomb:2   | Noticed a greater mummy
 67467 | Tomb:2   | Noticed a greater mummy
 67472 | Tomb:2   | Noticed a greater mummy
 67487 | Tomb:2   | Killed a greater mummy
 67487 | Tomb:2   | Killed a greater mummy
 67490 | Tomb:2   | Killed a greater mummy
 67493 | Tomb:2   | Killed a greater mummy
 67889 | Tomb:1   | Noticed a greater mummy
 67889 | Tomb:1   | Noticed a greater mummy
 67893 | Tomb:1   | Noticed a greater mummy
 67894 | Tomb:1   | Killed a greater mummy
 67896 | Tomb:1   | Noticed a greater mummy
 67905 | Tomb:1   | Killed a greater mummy
 67906 | Tomb:1   | Noticed a greater mummy
 67913 | Tomb:1   | Noticed a greater mummy
 67914 | Tomb:1   | Killed a greater mummy
 67920 | Tomb:1   | Killed a greater mummy
 67921 | Tomb:1   | Noticed a greater mummy
 67923 | Tomb:1   | Killed a greater mummy
 67931 | Tomb:1   | Killed a greater mummy
 67936 | Tomb:1   | Killed a greater mummy
 67940 | Tomb:1   | Noticed a greater mummy
 67952 | Tomb:1   | Killed a greater mummy
 67990 | Tomb:1   | Noticed a greater mummy
 68004 | Tomb:1   | Killed a greater mummy
 68133 | Tomb:1   | Noticed a greater mummy
 68134 | Tomb:1   | Noticed a greater mummy
 68144 | Tomb:1   | Killed a greater mummy
 68147 | Tomb:1   | Noticed a greater mummy
 68152 | Tomb:1   | Killed a greater mummy
 68163 | Tomb:1   | Killed a greater mummy
 68178 | Tomb:1   | Noticed a greater mummy
 68192 | Tomb:1   | Noticed a greater mummy
 68193 | Tomb:1   | Killed a greater mummy
 68195 | Tomb:1   | Noticed a greater mummy
 68200 | Tomb:1   | Noticed a greater mummy
 68203 | Tomb:1   | Noticed a greater mummy
 68203 | Tomb:1   | Killed a greater mummy
 68214 | Tomb:1   | Killed a greater mummy
 68217 | Tomb:1   | Killed a greater mummy
 68218 | Tomb:1   | Noticed a greater mummy
 68221 | Tomb:1   | Noticed a greater mummy
 68221 | Tomb:1   | Killed a greater mummy
 68229 | Tomb:1   | Killed a greater mummy
 68230 | Tomb:1   | Noticed a greater mummy
 68231 | Tomb:1   | Killed a greater mummy
 68238 | Tomb:1   | Noticed a greater mummy
 68242 | Tomb:1   | Killed a greater mummy
 68246 | Tomb:1   | Killed a greater mummy
 68252 | Tomb:1   | Noticed a greater mummy
 68260 | Tomb:1   | Killed a greater mummy
 68463 | Tomb:3   | Entered Level 3 of the Tomb of the Ancients
 68573 | Tomb:3   | Noticed a greater mummy
 68596 | Tomb:3   | Killed a greater mummy
 68600 | Tomb:3   | Noticed an ancient lich
 68613 | Tomb:3   | Noticed a greater mummy
 68613 | Tomb:3   | Killed an ancient lich
 68622 | Tomb:3   | Noticed a greater mummy
 68623 | Tomb:3   | Noticed Khufu
 68625 | Tomb:3   | Noticed a greater mummy
 68625 | Tomb:3   | Noticed a greater mummy
 68626 | Tomb:3   | Noticed a greater mummy
 68626 | Tomb:3   | Killed a greater mummy
 68628 | Tomb:3   | Noticed a greater mummy
 68734 | Tomb:3   | Killed a greater mummy
 68738 | Tomb:3   | Killed a greater mummy
 68738 | Tomb:3   | Reached skill level 27 in Armour
 68738 | Tomb:3   | Killed a greater mummy
 68903 | Tomb:3   | Noticed Boris
 68908 | Tomb:3   | Killed a greater mummy
 68911 | Tomb:3   | Killed a greater mummy
 68915 | Tomb:3   | Killed Boris
 68937 | Tomb:3   | Killed Khufu
 68995 | Tomb:3   | Got a golden rune of Zot
 69626 | Pan      | Entered Pandemonium
 69910 | Pan      | Found an exit through the horrors of the Abyss.
 69956 | Pan      | Noticed Qaih the pandemonium lord
 69976 | Pan      | Killed Qaih the pandemonium lord
 70653 | Pan      | Lost mutation: You possess an exceptional clarity of mind. [a neqoxec]
 70745 | Depths:3 | Escaped Pandemonium
 70747 | Pan      | Entered Pandemonium
 70747 | Pan      | Found a runed door.
 70775 | Pan      | Found a runed door.
 70776 | Pan      | Found a runed door.
 70778 | Pan      | Noticed Yvukelis the pandemonium lord
 70788 | Pan      | Killed Yvukelis the pandemonium lord
 70802 | Pan      | Found a runed door.
 70948 | Pan      | Found an exit through the horrors of the Abyss.
 71092 | Pan      | Found a huge runed gate.
 71093 | Pan      | Found a huge runed gate.
 71094 | Pan      | Found a huge runed gate.
 71094 | Pan      | Found a huge runed gate.
 71094 | Pan      | Found a huge runed gate.
 71094 | Pan      | Found a huge runed gate.
 71095 | Pan      | Found a huge runed gate.
 71095 | Pan      | Found a huge runed gate.
 71095 | Pan      | Found a huge runed gate.
 71095 | Pan      | Found a huge runed gate.
 71095 | Pan      | Found a huge runed gate.
 71095 | Pan      | Found a huge runed gate.
 71095 | Pan      | Found a huge runed gate.
 71096 | Pan      | Found a huge runed gate.
 71097 | Pan      | Found a huge runed gate.
 71098 | Pan      | Found a huge runed gate.
 71098 | Pan      | Found a huge runed gate.
 71185 | Pan      | Noticed Rosmaepn the pandemonium lord
 71192 | Pan      | Killed Rosmaepn the pandemonium lord
 71192 | Pan      | Reached skill level 27 in Maces & Flails
 71252 | Pan      | Got a demonic rune of Zot
 71542 | Pan      | Found an exit through the horrors of the Abyss.
 72007 | Pan      | Noticed Ofigg the pandemonium lord
 72009 | Pan      | Killed Ofigg the pandemonium lord
 72179 | Pan      | Found an exit through the horrors of the Abyss.
 72359 | Pan      | Gained mutation: You are frail. (-10% HP) [a cacodemon]
 72376 | Pan      | Lost mutation: You are frail. (-10% HP) [potion of mutation]
 72376 | Pan      | Lost mutation: You are somewhat resistant to further mutation. [potion of mutation]
 72376 | Pan      | Lost mutation: Potions are less effective at restoring your health. [potion of mutation]
 72376 | Pan      | Lost mutation: You are partially covered in thin metallic scales. (AC +2) [potion of mutation]
 72376 | Pan      | Gained mutation: Your magical capacity is low. (-10% MP) [potion of mutation]
 72376 | Pan      | Gained mutation: You are partially covered in icy blue scales. (AC +2) [potion of mutation]
 72376 | Pan      | Gained mutation: You are robust. (+10% HP) [potion of mutation]
 73419 | Pan      | Found an exit through the horrors of the Abyss.
 73561 | Pan      | Gained mutation: Potions are less effective at restoring your health. [a cacodemon]
 73806 | Pan      | Found an exit through the horrors of the Abyss.
 74015 | Pan      | Gained mutation: Your magical capacity is very low. (-20% MP) [a cacodemon]
 74018 | Pan      | Noticed Ererch the pandemonium lord
 74027 | Pan      | Killed Ererch the pandemonium lord
 74072 | Pan      | Entered the realm of Mnoleg.
 74083 | Pan      | Gained mutation: Your body sometimes deteriorates upon taking damage. [a cacodemon]
 74125 | Pan      | Gained mutation: You are clumsy. (Dex -2) [a cacodemon]
 74183 | Pan      | Gained mutation: You have sharp fingernails. [a cacodemon]
 74249 | Pan      | Found an exit through the horrors of the Abyss.
 74414 | Pan      | Gained mutation: Scrolls take you a little longer to read. [a cacodemon]
 74420 | Pan      | Gained mutation: You expend magic power (3 MP) to strengthen your wands. [a cacodemon]
 74449 | Pan      | Gained mutation: You tend to lose your temper in combat. [a cacodemon]
 74458 | Pan      | Gained mutation: Your magical capacity is extremely low. (-30% MP) [a neqoxec]
 74460 | Pan      | Lost mutation: You are robust. (+10% HP) [a neqoxec]
 74463 | Pan      | Gained mutation: You often lose your temper in combat. [a neqoxec]
 74468 | Pan      | Gained mutation: You occasionally shout uncontrollably at your foes. [a neqoxec]
 74473 | Pan      | Gained mutation: You are weak. (Str -2) [a neqoxec]
 74489 | Pan      | Gained mutation: Scrolls take you longer to read. [a neqoxec]
 74496 | Pan      | Gained mutation: You are very clumsy. (Dex -4) [a neqoxec]
 74502 | Pan      | Lost mutation: Scrolls take you longer to read. [potion of mutation]
 74502 | Pan      | Lost mutation: You expend magic power (3 MP) to strengthen your wands. [potion of mutation]
 74502 | Pan      | Lost mutation: You occasionally shout uncontrollably at your foes. [potion of mutation]
 74502 | Pan      | Lost mutation: Your magical capacity is extremely low. (-30% MP) [potion of mutation]
 74502 | Pan      | Lost mutation: You are weak. (Str -2) [potion of mutation]
 74503 | Pan      | Lost mutation: Scrolls take you a little longer to read. [potion of mutation]
 74503 | Pan      | Lost mutation: You often lose your temper in combat. [potion of mutation]
 74503 | Pan      | Lost mutation: You are very clumsy. (Dex -4) [potion of mutation]
 74503 | Pan      | Gained mutation: You are resistant to hostile enchantments. (MR+) [potion of mutation]
 74503 | Pan      | Gained mutation: Your natural rate of healing is unusually fast. [potion of mutation]
 74504 | Pan      | Lost mutation: Your body sometimes deteriorates upon taking damage. [potion of mutation]
 74504 | Pan      | Lost mutation: You are partially covered in icy blue scales. (AC +2) [potion of mutation]
 74504 | Pan      | Lost mutation: You are clumsy. (Dex -2) [potion of mutation]
 74504 | Pan      | Lost mutation: You tend to lose your temper in combat. [potion of mutation]
 74504 | Pan      | Gained mutation: Your muscles are strong. (Str +2) [potion of mutation]
 74504 | Pan      | Lost mutation: Your muscles are strong. (Str +2) [potion of mutation]
 74504 | Pan      | Gained mutation: You are highly resistant to hostile enchantments. (MR++) [potion of mutation]
 74546 | Pan      | Noticed Mnoleg
 74555 | Pan      | Killed Mnoleg
 74579 | Pan      | Got a glowing rune of Zot
 74601 | Pan      | Gained mutation: Your spells are a little easier to cast, but a little less powerful. [a neqoxec]
 74608 | Pan      | Entered the realm of Cerebov.
 74670 | Pan      | Noticed Cerebov
 74715 | Pan      | Killed Cerebov
 74726 | Pan      | Got a fiery rune of Zot
 74790 | Pan      | Got a smoking granite ring
 74791 | Pan      | Identified the ring "Lemomask" {Int+3 Stlth+} (You found it in Pandemonium)
 74839 | Pan      | Got a jewelled chain mail
 74840 | Pan      | Identified the +2 chain mail "Adghox" {rPois Slay+2} (You found it in Pandemonium)
 75514 | Pan      | Found an exit through the horrors of the Abyss.
 75600 | Pan      | Lost mutation: Your natural rate of healing is unusually fast. [a neqoxec]
 75602 | Pan      | Gained mutation: Your body sometimes deteriorates upon taking damage. [a neqoxec]
 75653 | Pan      | Found an exit through the horrors of the Abyss.
 75686 | Pan      | Lost mutation: Your magical capacity is very low. (-20% MP) [potion of mutation]
 75686 | Pan      | Lost mutation: Potions are less effective at restoring your health. [potion of mutation]
 75686 | Pan      | Lost mutation: Your body sometimes deteriorates upon taking damage. [potion of mutation]
 75686 | Pan      | Gained mutation: You are extremely resistant to the effects of hostile enchantments. (MR+++) [potion of mutation]
 75686 | Pan      | Lost mutation: Your magical capacity is low. (-10% MP) [potion of mutation]
 75686 | Pan      | Gained mutation: Your movements are slightly less encumbered by armour. (ER -2) [potion of mutation]
 75686 | Pan      | Gained mutation: You have large cloven feet. [potion of mutation]
 75699 | Pan      | Noticed Donucit the pandemonium lord
 76119 | Pan      | Entered the realm of Lom Lobon.
 76119 | Pan      | Noticed Lom Lobon
 76154 | Pan      | Killed Lom Lobon
 76196 | Pan      | Got a magical rune of Zot
 76368 | Depths:3 | Escaped Pandemonium
 76370 | Pan      | Entered Pandemonium
 76457 | Pan      | Found an exit through the horrors of the Abyss.
 76506 | Pan      | Gained mutation: Scrolls take you a little longer to read. [a cacodemon]
 76555 | Pan      | Noticed Udataar the pandemonium lord
 76574 | Pan      | Killed Udataar the pandemonium lord
 76699 | Pan      | Entered the realm of Gloorx Vloq.
 76918 | Pan      | Noticed Gloorx Vloq
 76932 | Pan      | Killed Gloorx Vloq
 76946 | Pan      | Got a dark rune of Zot
 77021 | Pan      | Found an exit through the horrors of the Abyss.
 77136 | Pan      | Took an exit into the Abyss.
 77136 | Abyss:1  | Escaped into the Abyss
 77166 | Depths:3 | Escaped the Abyss
 77427 | Zot:5    | Noticed an orb of fire
 77443 | Zot:5    | Killed an orb of fire
 77462 | Zot:5    | Noticed an orb of fire
 77462 | Zot:5    | Gained mutation: You expend magic power (3 MP) to strengthen your wands. [an orb of fire]
 77465 | Zot:5    | Gained mutation: Your body sometimes deteriorates upon taking damage. [an orb of fire]
 77479 | Zot:5    | Noticed an orb of fire
 77488 | Zot:5    | Killed an orb of fire
 77505 | Zot:5    | Killed an orb of fire
 77590 | Zot:5    | Got the Orb of Zot
 78210 | D:$      | Escaped with the Orb!

Skill      XL: |  1  2  3  4  5  6  7  8  9 10 11 12 13 14 15 16 17 18 19 20 21 22 23 24 25 26 27 |
---------------+----------------------------------------------------------------------------------+-----
Maces & Flails | 3 4 5 6 7 9 11 13 15 16 17 18 19 20 21 27 | 27.0
Invocations    | 3 6 8 27 | 27.0
Armour         | 5 7 9 10 12 13 15 16 17 18 19 20 21 22 27 | 27.0
Shields        | 5 7 9 12 13 15 16 26 | 26.5
Fighting       | 5 7 8 10 12 13 14 15 16 17 18 19 20 21 27 | 27.0
Dodging        | 3 5 7 8 10 11 12 13 14 15 16 17 25 | 25.5
Evocations     | 3 6 7 |  7.7

Action                   |  1- 3 |  4- 6 |  7- 9 | 10-12 | 13-15 | 16-18 | 19-21 | 22-24 | 25-27 || total
-------------------------+-------+-------+-------+-------+-------+-------+-------+-------+-------++-------
Melee: Flail             |   135 |   208 |       |       |       |       |       |       |       ||   343
       Morningstar       |       |    51 |   376 |   929 |  1223 |  2941 |  2716 |  2807 |   799 || 11842
       Peck              |       |       |       |       |       |   880 |   927 |  1084 |  2544 ||  5435
       Demon whip        |       |       |       |       |       |       |       |       |  3505 ||  3505
       Sacred scourge    |       |       |       |       |       |       |       |       |  5449 ||  5449
       Headbutt          |       |       |       |       |       |       |       |       |   737 ||   737
Invok: Heroism           |       |       |     5 |    19 |     8 |    20 |    15 |    19 |    41 ||   127
       Finesse           |       |       |       |     2 |     1 |     6 |     2 |     9 |    16 ||    36
       Cleansing Flame   |       |       |       |       |       |       |       |       |   241 ||   241
       Summon Divine War |       |       |       |       |       |       |       |       |    35 ||    35
       Divine Shield     |       |       |       |       |       |       |       |       |    24 ||    24
       Brand Weapon With |       |       |       |       |       |       |       |       |     1 ||     1
 Abil: Fly               |       |       |       |       |       |     1 |       |     2 |     3 ||     6
       Stop Flying       |       |       |       |       |       |       |     1 |     2 |     3 ||     6
Evoke: Wand              |       |       |       |       |       |       |       |     1 |     6 ||     7
  Use: Scroll            |       |    13 |     7 |     8 |     7 |    10 |     3 |     7 |    43 ||    98
       Potion            |       |     2 |       |     2 |     1 |     4 |     1 |     2 |    35 ||    47
 Stab: Held in net/web   |       |       |     1 |       |       |       |       |       |       ||     1
       Petrified         |       |       |       |       |     9 |       |       |       |       ||     9
       Distracted        |       |       |       |       |     1 |       |     2 |       |       ||     3
       Sleeping          |       |       |       |       |       |       |     4 |     4 |       ||     8
       Confused          |       |       |       |       |       |       |       |     2 |     5 ||     7
       Invisible         |       |       |       |       |       |       |       |       |     4 ||     4
  Eat: Chunk             |       |     9 |     6 |    15 |     2 |    13 |    15 |     6 |     6 ||    72
       Royal jelly       |       |       |     2 |     2 |       |       |       |     1 |     5 ||    10
       Bread ration      |       |       |       |     1 |     4 |     5 |     3 |     5 |    17 ||    35
       Meat ration       |       |       |       |       |       |     1 |       |       |    14 ||    15
Armor: Scale mail        |    81 |   121 |   205 |   125 |       |       |       |       |       ||   532
       Chain mail        |       |       |       |   271 |   680 |  1108 |   867 |   828 |  2715 ||  6469
Dodge: Dodged            |    41 |    97 |   116 |   235 |   420 |  1102 |  1115 |  1086 |  3981 ||  8193
Block: Shield            |    71 |   152 |   204 |   469 |   708 |  2582 |  2177 |  1907 |  7633 || 15903
       Reflection        |       |       |       |       |       |   151 |    76 |    67 |   142 ||   436
